 Dungeon Crawl Stone Soup version 0.27-a0-1312-g5cdb2b3542 (webtiles) character file.

Game seed: 10507299290817389017

47 zero the Conjurer (level 3, -1/21 HPs)
             Began as an Octopode Conjurer on June 19, 2021.
             Slain by Sigmund (11 damage)
             ... on level 2 of the Dungeon.
             The game lasted 00:01:47 (2096 turns).

zero the Conjurer (Octopode Conjurer)               Turns: 2096, Time: 00:01:47

Health: -1/21      AC:  1    Str:  6    XL:     3   Next: 70%
Magic:  8/8        EV: 13    Int: 21    God:
Gold:   96         SH:  0    Dex: 10    Spells: 6/9 levels left

rFire    . . .     SeeInvis .   d - +2 dagger (freeze)
rCold    . . .     Faith    .   (no shield)
rNeg     . . .     Spirit   .   (helmet restricted)
rPois    .         Reflect  .   (no amulet)
rElec    .         Harm     .   (no ring)
rCorr    .         Rampage  .   (no ring)
Will     .....                  (no ring)
Stlth    +++.......             (no ring)
HPRegen  0.07/turn              (no ring)
MPRegen  0.11/turn              (no ring)
                                (no ring)
                                (no ring)

@: no status effects
A: almost no armour, amphibious, 8 rings, camouflage 1, gelatinous body 1,
(nimble swimmer 1), tentacles
a: no special abilities


You were on level 2 of the Dungeon.
You visited 1 branch of the dungeon, and saw 2 of its levels.

You collected 96 gold pieces.

Inventory:

Hand Weapons
 d - a +2 dagger of freezing (weapon)
Missiles
 a - 14 poisoned darts
Scrolls
 b - a scroll of fog {unknown}
 c - a scroll of identify {unknown}
 e - a scroll of enchant weapon {unknown}
 f - a scroll of noise {unknown}


   Skills:
 - Level 2.0 Dodging
 - Level 2.6 Stealth
 + Level 3.5 Spellcasting
 + Level 4.2 Conjurations


You had 6 spell levels left.
You knew the following spells:

 Your Spells              Type           Power      Damage    Failure   Level
a - Magic Dart            Conj           84%        1d7       2%          1
b - Searing Ray           Conj           42%        3d4       3%          2

Your spell library contained the following spells:

 Spells                   Type           Power      Damage    Failure   Level
 Dazzling Flash           Conj/Hex       24%        N/A       16%         3
 Fulminant Prism          Conj/Hex       6%         3d7       47%         4
 Iskenderun's Mystic Bla  Conj/Tloc      12%        2d5       47%         4


Dungeon Overview and Level Annotations

Branches:
Dungeon (2/15)

Altars:

Annotations:
D:2 Sigmund


Innate Abilities, Weirdness & Mutations

You cannot wear most types of armour.
You are amphibious.
You can wear up to eight rings at the same time.
Your skin changes colour to match your surroundings (Stealth+).
Your rubbery body absorbs attacks. (AC +1, EV +1)
((You are camouflaged near water. (Stealth+)))
You have tentacles for arms and can constrict up to eight enemies at once.


Message History

A frilled lizard is nearby!
The magic dart hits the frilled lizard.
The frilled lizard is heavily wounded.
The magic dart hits the frilled lizard.
You kill the frilled lizard!
You can't see any susceptible monsters within range! (Use Z to cast anyway.) No target in view!
A bat comes into view.
Found a stone staircase leading up.
A bat is nearby!
A bat is nearby!
An endoplasm comes into view.
There are monsters nearby!
The magic dart hits the bat.
You kill the bat!
The magic dart hits the endoplasm.
The endoplasm is almost dead.
The magic dart hits the endoplasm!
You kill the endoplasm!
No target in view!
Sigmund the Dreaded comes into view.
He is wielding a +0 scythe.
Found a scroll labelled KIWAOB IGASS.
Sigmund shouts!
Sigmund casts a spell at you. The magic dart hits you!
Sigmund is nearby!
Sigmund's eyes start glowing with a red light.
Sigmund points at you and mumbles some strange words.
You are confused.
Sigmund is nearby!
You are too confused!
Sigmund is nearby!
You bump into the rock wall.
Sigmund barely misses you.
You feel less confused.
Sigmund hits you from afar with a +0 scythe.
There is a stone staircase leading up here.
Sigmund hits you from afar with a +0 scythe!
Ouch! That really hurt!
You die...

..........#..###.######
#.# #.###...##.### #.#
#.# ..# #...#### #.#
#.# ### #...# #.# #..
#...# #.# ### #...# #.#
#.# #########
#.#######.......# ##
#@.†...##.#####.## .
#......##.##......
#.#@#..........##.##
###.#.####.##.#####.#
#.......##.##... ..#
#..........##########
#.......#### #..?....#
#.......#


You could see Sigmund.

Vanquished Creatures
  A dart slug (D:2)
  6 bats
  5 endoplasms
  5 giant cockroaches
  2 goblins (D:1)
  2 hobgoblins (D:1)
  5 jackals (D:1)
  A kobold (D:1)
  A quokka (D:1)
  A ball python (D:2)
  7 frilled lizards
  4 rats
40 creatures vanquished.

Notes
Turn   | Place    | Note
-------+----------+-------------------------------------------
     0 | D:1      | zero the Octopode Conjurer began the quest for the Orb.
     0 | D:1      | Reached XP level 1. HP: 11/11 MP: 3/3
   333 | D:1      | Reached XP level 2. HP: 17/17 MP: 2/5
   873 | D:1      | Found a faded altar of an unknown god.
  1114 | D:1      | Reached XP level 3. HP: 21/21 MP: 2/7
  1215 | D:1      | Learned a level 2 spell: Searing Ray
  2084 | D:2      | Noticed Sigmund
  2096 | D:2      | Slain by Sigmund

Illustrated notes

Levels and vault maps discovered:
D:1:      nzn_arrival_crosshair, layout_basic,
          hellmonk_ecumenical_altar_blasted, serial_curves, eino_curves_01,
          eino_curves_04, minmay_lizard_pond
D:2:      layout_loops_cross, uniq_sigmund

Skill      XL: |  1  2 |
---------------+-------+-----
Spellcasting   | 3 |  3.5
Dodging        | |  2.0
Stealth        | |  2.6
Conjurations   | |  4.2

Action                   || total
-------------------------++-------
Melee: Unarmed           ||    18
       Constrict         ||     4
       Tentacles         ||     2
       Dagger            ||     4
 Cast: Magic Dart        ||    54
       Searing Ray       ||     2
Armor: Skin              ||     1
Dodge: Dodged            ||    28

Table legend: (Time is in decaauts)
 A = Elapsed time spent in this place.
 B = Non-inter-level travel time spent in this place.
 C = Inter-level travel time spent in this place.
 D = Time resting spent in this place.
 E = Time spent auto-exploring this place.
 F = Levels seen in this place.
 G = Mean time per level.
                   A        B        C        D        E       F      G
               +--------+--------+--------+--------+--------+-----+--------+
         Total |   2095 |   2074 |     21 |    292 |   1565 |   2 | 1047.5 |
       Dungeon |   2095 |   2074 |     21 |    292 |   1565 |   2 | 1047.5 |
               +--------+--------+--------+--------+--------+-----+--------+

Top non-repeatable levels by time:
     D:1: 1512 daAuts
     D:2: 582 daAuts
